Workbook

Sheet Schedule P&L
A2: K V M HOSPITAL, CHERTHALA 2025-26
A3: SCHEDULES FORMING PART OF THE PROFIT AND LOSS ACCOUNT (31-3-2026)
A5: DIRECT INCOME - HOSPITAL COLLECTION | C5: Dr | D5: Cr | E5: Dr. | F5: Cr.
A7: CONSULTATION CHARGES | D7: =-'TB '!J258 -> 20401725 | E7: 0 | F7: 19077030
A8: REGISTRATION FEE | D8: =-'TB '!J260-'TB '!J261-'TB '!J259-'TB '!J257 -> 5207695 | E8: 0 | F8: 2721020
A9: DENTISTRY PROCEDURES | D9: =-'TB '!J264 -> 700150 | E9: 0 | F9: 645650
A10: DOCTORS PROCEDURES | D10: =-'TB '!J265 -> 712531.08 | E10: 0 | F10: 2356142
A11: ECG | D11: =-'TB '!J266 -> 2464231.9 | E11: 0 | F11: 1741544.2
A12: GENERAL PROCEDURE | D12: =-'TB '!J267-'TB '!J268-'TB '!J271-'TB '!J279-'TB '!J280-'TB '!J263 -> 76190756 | E12: 0 | F12: 63456153
A13: IP REGISTRATION & VISIT CHARGES | D13: =-'TB '!J269 -> 2912179.9 | E13: 0 | F13: 2725755
A14: NURSING CARE | D14: =-'TB '!J270 -> 12964837 | E14: 0 | F14: 12273358
A15: OTHER CHARGES | D15: =-'TB '!J272 -> 755478 | E15: 0 | F15: 927807
A16: PHYSIOTHERAPY CHARGES | D16: =-'TB '!J273 -> 185797 | E16: 0 | F16: 175110
A17: POST OPERATIVE CHARGES | D17: =-'TB '!J274 -> 1012900 | E17: 0 | F17: 1008650
A18: PROFESSIONAL FEE | D18: =-'TB '!J275 -> 9322675.1 | E18: 0 | F18: 8703402
A19: PULSE OXIMETER CHARGES | D19: =-'TB '!J276 -> 153860 | E19: 0 | F19: 108590
A20: ROOM CHARGES | D20: =-'TB '!J278 -> 17426660 | E20: 0 | F20: 16104755
A21: LAB INCOME | D21: =-'TB '!J282 -> 29671880 | E21: 0 | F21: 26597849
A22: RADIOLOGY INCOME | D22: =-'TB '!J277-'TB '!J283 -> 18665982 | E22: 0 | F22: 17858024
A23: MEDICINE CHARGES | D23: =-'TB '!J287 -> 86428709 | E23: 0 | F23: 76142982
A25: TOTAL | B25: Rs. | D25: =SUM(D7:D24) -> 2.8517805e+08 | E25: 0 | F25: =SUM(F7:F24) -> 252623821
A28: INDIRECT INCOME
A30: RENT | D30: =-'TB '!J291 -> 720000 | E30: 0 | F30: 710000
A31: ATM RENT | D31: =-'TB '!J294 -> 63508.44 | E31: 0 | F31: 66508.44
A32: INTEREST ON IT REFUND | E32: 0 | F32: 67110
A33: INTEREST RECEIVED | D33: =-'TB '!J293 -> 176592 | E33: 0 | F33: 1617388
A34: OTHER INCOME | D34: =-'TB '!J295-'TB '!J292 -> 54625
A36: TOTAL | B36: Rs. | D36: =SUM(D30:D34) -> 1014725.4 | E36: 0 | F36: =SUM(F30:F35) -> 2461006.4
A39: EXPENDITURE
A40: DRUGS & CONSUMABLE PURCHASES
A42: LAB CHEMICALS AND REAGENTS | C42: =+'TB '!H370+'entry '!G18 -> 7074271.8 | E42: 6971828.5 | F42: 0
A43: ORTHO & SURGICAL MATERIALS | C43: =+'TB '!H372 -> 11284662 | E43: 11649295 | F43: 0
A44: PURCHASE OF DRUGS | C44: =+'TB '!H351+'TB '!J371 -> 54914087 | E44: 50161177 | F44: 0
A46: TOTAL | B46: Rs. | C46: =SUM(C42:C45) -> 73273020 | E46: =SUM(E42:E45) -> 68782301 | F46: 0
A49: SALARY AND ALLOWANCES
A51: SALARY TO ANAESTHETIST | E51: 491500 | F51: 0
A52: DOCTORS SALARY | C52: =+'TB '!H324+'TB '!H325 -> 8581667 | E52: 9200585 | F52: 0
A53: EMPLOYEES STATE INSURANCE | C53: =+'TB '!H330 -> 276336 | E53: 494630 | F53: 0
A54: HOLIDAY WAGES | C54: =+'TB '!H339 -> 687217 | E54: 785978 | F54: 0
A55: NIGHT DUTY ALLOWANCE | C55: =+'TB '!H355 -> 103135 | E55: 119615 | F55: 0
A56: PROFESSIONAL CHARGES | C56: =+'TB '!H367 -> 60726917 | E56: 53401817 | F56: 0
A57: FESTIVAL ALLOWANCE | C57: =+'TB '!H331 -> 698750 | E57: 798000 | F57: 0
A58: PROVIDENT FUND | C58: =+'TB '!H369 -> 1804080 | E58: 2057504 | F58: 0
A59: SALARY TO DUTY DOCTORS | C59: =+'TB '!H327 -> 2438975 | E59: 2925507 | F59: 0
A60: SALARY DA & ALLOWANCE | C60: =+'TB '!H383+'TB '!H298 -> 42781646 | E60: 44426425 | F60: 0
A61: SPECIAL DUTY ALLOWANCE | C61: =+'TB '!H389+'TB '!J398 -> 575071 | E61: 523906 | F61: 0
A62: STIPEND | C62: =+'TB '!H393 -> 7341993 | E62: 5836259 | F62: 0
A63: GRATUITY | C63: =+'TB '!H336 -> 290781 | E63: 1573393 | F63: 0
A64: UNIFORM ALLOWANCE | E64: 2000 | F64: 0
A65: LEGAL FEE AND EXPENSES | E65: 194743 | F65: 0
A66: STAFF / DOCTORS WELLFARE | C66: =+'TB '!H391 -> 1728528.9
A69: TOTAL | B69: Rs. | C69: =SUM(C51:C66) -> 1.280351e+08 | E69: =SUM(E51:E68) -> 1.2283186e+08 | F69: 0
A72: REPAIRS & MAINTENANCE
A74: AMBULANCE REPAIR | C74: =+'TB '!H305 -> 89872 | E74: 142463 | F74: 0
A75: BUILDING MAINTENANCE | C75: =+'TB '!H312+'TB '!H313 -> 3558811 | E75: 3555688.2 | F75: 0
A76: ELECTRICAL MAINTENANCE | C76: =+'TB '!H328+'TB '!H329 -> 920542.69 | E76: 893754.09 | F76: 0
A77: MOTOR CAR REPAIR | C77: =+'TB '!H353 -> 662912.68 | E77: 359908 | F77: 0
A78: PLUMBING MAINTENANCE | C78: =+'TB '!H311+'TB '!H363+'TB '!H377 -> 1696377 | E78: 529322.95 | F78: 0
A79: MAINTENANCE WORKS | C79: =+'TB '!H348+'TB '!H378+'TB '!H379 -> 2878949 | E79: 2072250 | F79: 0
A80: REPAIR TO EQUIPMENTS | C80: =+'TB '!H314+'TB '!H380+'TB '!H381 -> 13910078 | E80: 3138618 | F80: 0
A81: REPAIR & MAINTENANCE | C81: =+'TB '!H321+'entry '!G13+'entry '!G27+'entry '!G31+'entry '!G35+'entry '!G39+'entry '!G43 -> 735001 | E81: 782713 | F81: 0
A83: TOTAL | B83: Rs. | C83: =SUM(C74:C82) -> 24452544 | E83: =SUM(E73:E82) -> 11474717 | F83: 0
A86: HOSPITAL EXPENSES
A88: COURIER , FREIGHT CHARGES | C88: =+'TB '!H322+'TB '!H333+'TB '!J332 -> 37331 | E88: 122443 | F88: 0
A89: GARDEN EXPENSES | C89: =+'TB '!H334 -> 19421 | E89: 102220 | F89: 0
A90: GENERATOR OIL | C90: =+'TB '!H335 -> 521018 | E90: 353921.4 | F90: 0
A91: HOSPITAL EXPENSES | C91: =+'TB '!H341+'TB '!J326+'TB '!H307+'TB '!J382+'entry '!G47 -> 2435174.8 | E91: 1973140.4 | F91: 0
A92: HOSPITAL ANNIVERSARY EXPENSES | C92: =+'TB '!H340 -> 159562 | E92: 242440 | F92: 0
A93: IRONING CHARGE | C93: =+'TB '!H346 -> 83633 | E93: 87979 | F93: 0
A94: PROSTHETIC CHARGES | C94: =+'TB '!H368 -> 97347 | E94: 107013 | F94: 0
A95: REFRESHMENT- STAFF, PATIENT, DOCTORS | C95: =+'TB '!H373 -> 14361 | E95: 236384.3 | F95: 0
A96: BED SHEET PILLOWS STICHING ETC | C96: =+'TB '!H309 -> 66337 | E96: 483769.3 | F96: 0
A97: WYNAD DISATER(LANDSLIDE) FUND | E97: 76800 | F97: 0
A98: MEDICAL REFUND | C98: =+'TB '!H350+'TB '!J349 -> 1521764 | E98: 1140356 | F98: 0
A99: CLOTH STICHING ETC | C99: =+'TB '!H320+'TB '!H319 -> 165673.85 | E99: 108461 | F99: 0
A101: TOTAL | B101: Rs. | C101: =SUM(C88:C99) -> 5121622.6 | E101: =SUM(E88:E100) -> 5034927.4 | F101: 0
A104: TELEPHONE PRINTING & STATIONERY
A106: POSTAGE | C106: =+'TB '!H364 -> 1822 | E106: 1656 | F106: 0
A107: PRINTING & STATIONERY | C107: =+'TB '!H365+'TB '!H366 -> 801990 | E107: 716270.28 | F107: 0
A108: INFORMATION TECH.DEPT. EXPENSES | C108: 438676 | E108: 386949.3 | F108: 0
A109: STATIONERY CHARGES | C109: =+'TB '!H392 -> 1885317.9 | E109: 1860150.9 | F109: 0
A110: PHOTOCOPY EXPENSES | C110: =+'TB '!H362 -> 26240 | E110: 13420 | F110: 0
A111: OFFICE EXPENSES | C111: =+'TB '!H356 -> 13037 | E111: 3298
A112: TELEPHONE CHARGES | C112: =+'TB '!H396 -> 369368.28 | E112: 351468.87 | F112: 0
A114: TOTAL | B114: Rs. | C114: =SUM(C106:C112) -> 3536451.2 | E114: =SUM(E106:E113) -> 3333213.3 | F114: 0
A117: RATES & TAXES
A119: INSPECTION, AFFILIATION, TESTING FEE | C119: =+'TB '!H344 -> 101058 | E119: 69788 | F119: 0
A120: INSURANCE PREMIUM | C120: =+'TB '!H345 -> 994839 | E120: 3832620 | F120: 0
A121: REGISTRATION EXPENSES | C121: =+'TB '!H374 -> 54125 | E121: 600995 | F121: 0
A122: MEMBERSHIP FEE | C122: =+'TB '!H352+'TB '!H354 -> 84382.41 | E122: 140825 | F122: 0
A123: RENEWAL FEE | C123: =+'TB '!H375 -> 151642 | E123: 69232 | F123: 0
A124: TAX & LICENCE FEE | C124: =+'TB '!H394 -> 393900 | E124: 342481 | F124: 0
A125: GST INTEREST AND LATE FEE | C125: =+'TB '!H337 -> 2918.06 | E125: 3574 | F125: 0
A127: TOTAL | B127: Rs. | C127: =SUM(C119:C126) -> 1782864.5 | E127: =SUM(E119:E126) -> 5059515 | F127: 0
A130: TRAVELLING EXPENSES
A132: AMBULANCE BATTA | C132: =+'TB '!H301+'TB '!H302+'TB '!H303 -> 151680 | E132: 170650 | F132: 0
A133: AMBULANCE PETROL | C133: =+'TB '!H304 -> 386822 | E133: 465799.66 | F133: 0
A134: PETROL EXPENSES | C134: =+'TB '!H361 -> 843156 | E134: 526673.52 | F134: 0
A135: STAFF BATA | C135: =+'TB '!H390 -> 37925 | E135: 131576 | F135: 0
A136: TRAVELLING EXPENSES | C136: =+'TB '!H395+'TB '!H397 -> 861639.04 | E136: 293346.88 | F136: 0
...

Sheet FS
B2: PROFIT & LOSS ACCOUNT FOR THE YEAR ENDED 31-3-2026
B4: PARTICULARS | C4: Amount | D4: Rs. In lakhs | E4: PARTICULARS | F4: Amount | G4: Rs. In lakhs
B6: OPENING STOCK | C6: =G8 -> 8374243 | D6: 8991422.7 | E6: HOSPITAL COLLECTION | F6: ='Schedule P&L'!D25 -> 2.8517805e+08 | G6: 252623821
B7: DRUGS & CONSUMABLE PURCHASES | C7: ='Schedule P&L'!C46 -> 73273020 | D7: 68782301 | E7: INDIRECT INCOME | F7: ='Schedule P&L'!D36 -> 1014725.4 | G7: 2461006.4
B8: SALARY & ALLOWANCE | C8: ='Schedule P&L'!C69 -> 1.280351e+08 | D8: 1.2283186e+08 | E8: CLOSING STOCK | F8: 8500000 | G8: 8374243
B9: REPAIRS & MAINTENANCE | C9: ='Schedule P&L'!C83 -> 24452544 | D9: 11474717
B10: HOSPITAL EXPENSES | C10: ='Schedule P&L'!C101 -> 5121622.6 | D10: 5034927.4
B11: TELEPHONE,PRINTING & STATIONERY | C11: ='Schedule P&L'!C114 -> 3536451.2 | D11: 3333213.3
B12: RATES,TAXES & INSURANCE | C12: ='Schedule P&L'!C127 -> 1782864.5 | D12: 5059515
B13: TRAVELLING EXPENSES | C13: ='Schedule P&L'!C138 -> 2281222 | D13: 1588046.1
B14: INTEREST & BANK CHARGES | C14: ='Schedule P&L'!C146 -> 23952.28 | D14: 58794.69
B15: ELECTRICITY CHARGES | C15: ='Schedule P&L'!C157 -> 4842912 | D15: 5505841
B16: AMC CHARGES | C16: ='Schedule P&L'!C160 -> 1008698 | D16: 1776038
B17: LAB CHARGES AND BIOPSY | C17: ='Schedule P&L'!C163 -> 8710020 | D17: 2559999
B18: CLEANING & WASHING EXPENSES | C18: ='Schedule P&L'!C166 -> 1317591 | D18: 1115733
B19: CYLINDER REFILLING CHARGES | C19: ='Schedule P&L'!C169 -> 3536312 | D19: 3617099.2
B20: SECURITY CHARGES | C20: ='Schedule P&L'!C172 -> 1907435 | D20: 1917862
B21: OTHER EXPENSES | C21: ='Schedule P&L'!C154 -> 284115 | D21: 368732
B22: DISCOUNT GIVEN | C22: ='TB '!H400 -> 3109238
B23: DEPRECIATION | C23: =Depriciation!J55 -> 8443778.4 | D23: 9056366
B24: NET PROFIT TRANSFERRED TO P&L
B25: APPROPRIATION ACCOUNT | C25: =F27-SUM(C6:C23) -> 14651655 | D25: 10386601
B27: TOTAL | C27: =SUM(C6:C26) -> 2.9469277e+08 | D27: 2.6345907e+08 | E27: TOTAL | F27: =SUM(F6:F26) -> 2.9469277e+08 | G27: 2.6345907e+08
B29: PROFIT & LOSS APPROPRIATION ACCOUNT FOR THE YEAR ENDED 31-3-2026
B32: P&L APPROPRIATION ACCOUNT
B35: SALARY TO PARTNERS | C35: =D35 -> 16320000 | D35: ='TB '!H384 -> 16320000 | E35: NET PROFIT TRANSFERRED | F35: =C25 -> 14651655
D36: 0 | E36: NET LOSS TO BE SHARED BY THE PARTNERS | F36: =D35-F35 -> 1668344.6
B38: TOTAL | C38: =SUM(C35:C37) -> 16320000 | D38: =SUM(D35:D37) -> 16320000 | E38: TOTAL | F38: =SUM(F35:F37) -> 16320000 | G38: =SUM(G35:G37) -> 0
B42: LIABILITIES | C42: AMOUNT | D42: Rs. In lakhs | E42: ASSETS | F42: AMOUNT | G42: Rs. In lakhs
B44: CAPITAL ACCOUNT | C44: ='BS P&L'!C13 -> 1000000 | D44: 1000000 | E44: FIXED ASSETS | F44: =Depriciation!K55 -> 54331994 | G44: 59941672
B45: SUNDRY CREDITORS | C45: =+'BS P&L'!C155 -> 17685253 | D45: 18915708 | E45: DEPOSITS | F45: =+'BS P&L'!B236 -> 1243527 | G45: 1243527
B46: OTHER LIABILITIES | C46: =+'BS P&L'!C168 -> 3503014.8 | D46: 3329576 | E46: CASH , BANK AND INVESTMENTS | F46: =+'BS P&L'!B276 -> 26937247 | G46: 20323322
D47: 945781 | E47: SUNDRY DEBTORS | F47: =+'BS P&L'!B303 -> 4942212.3 | G47: 10000518
B48: CURRENT ACCOUNT | C48: ='BS P&L'!C24 -> 81226257 | D48: 86974557 | E48: OTHER ADVANCES | F48: =+'BS P&L'!B329 -> 5791200.9 | G48: 5348940.8
B49: Loss Tranfered | C49: =-FS!F36 -> -1668344.6 | E49: CLOSING STOCK | F49: 8500000 | G49: 8374243
B51: TOTAL | C51: =SUM(C44:C50) -> 1.0174618e+08 | D51: 1.1116562e+08 | E51: TOTAL | F51: =SUM(F44:F50) -> 1.0174618e+08 | G51: 1.0523222e+08
F55: =F51-C51 -> 0

Sheet TB 
F2: KVM HOSPITAL
F4: CHERTHALA
A6: Branch : | B6: KVM HOSPITAL
A8: Schedule Wise Trial Balance For The Period 01-04-2025 To 31-03-2026 | J8: Page No. 1 / 1
A9: Description | H9: Debit (Rs.) | J9: Credit (Rs.)
A11: LIABILITY | J11: -1.1299033e+08
A12: CAPITAL ACCOUNT | J12: -82226257
A13: CAPITAL ACCOUNT- DR. V V HARIDAS. | J13: -250000
A14: CAPITAL ACCOUNT- PADMARANI HARIDAS | J14: -90000
A15: CAPITAL ACCOUNT-DR AISHWARIA | J15: -100000
A16: CAPITAL ACCOUNT-DR AVINASH | J16: -510000
A17: CAPITAL ACCOUNT-TMMC | J17: -50000
A18: CURRENT ACCIOUNT-DR AISHWARIA HARIDAS | J18: -495386.69
A19: CURRENT ACCOUNT- TMMC | J19: -141960.34
A20: CURRENT ACCOUNT-DR AVINASH HARIDAS | H20: 5071711.5
A21: CURRENT ACCOUNT-DR V V HARIDAS | J21: -85575342
A22: CURRENT ACCOUNT-PADMARANI HARIDAS | J22: -85279.41
A23: RESERVES AND SURPLUS | J23: -9575804.6
A24: PROFIT AND LOSS ACCOUNT | J24: -9575804.6
A25: CURRENT LIABILITIES | J25: -21188268
A26: SUNDRY CREDITORS | J26: -17685253
A27: A J ASSOCIATES | J27: -2181127
A28: A J PHAARMAA | J28: -4658
A29: AB MED SURGICALS | J29: -6369
A30: ACCURA BIOMEDICAL SOLUTIONS | J30: -31328
A31: ALIFE MEDICAL SYSTEM | J31: -2762
A32: ALLIANCE HEALTH CARE | J32: -26775
... A85: LIFE LINE SURGICALS | J85: -158948
A86: LIFE N SAFE FIRE SYSTEMS | H86: 2159
A87: LIGHT HUB | J87: -10337
A88: M V DRUG LINES | J88: -8663
A89: MATHA SURGICALS | J89: -367183
A90: MATHA SURGICALS ALPY | J90: -63101
A91: MEDCARE SURGICALS | J91: -23520
A92: MEDI ASSIST | J92: -14280
A93: MEDI -HOUSE | J93: -62241
A94: MEDIGENMEDCARE PVT LTD | J94: -94664
A95: MEDILAND SURGICAL DISTRIBUTORS | J95: -46387
A96: MEDINOVA HEALTHCARE | J96: -6037.5
A97: MEDSCIENCE DISTRIBUTORS | J97: -193630
A98: MICROTECK SYSTEMS & SOLUTIONS | J98: -708
... A105: ORLEM PHARMA PVT LTD | J105: -95236
A106: OZANAM BUILDERS | H106: 895000
A107: PADINJATTEDATHU INDUSTRIES | J107: -18233
A108: PADMA PHARMACEUTICALS AND DISTRIBUTORS | J108: -8919
A109: PALAKKAD SURGICALS | J109: -56463
A110: PARAGON AGENCY | J110: -975419
A111: PHARMA PROMOTERS | J111: -136777
A112: PIXON LIFE | J112: -74006
A113: PRABHU & CO | J113: -118909
A114: PRABHUS DISTRIBUTORS | J114: -102561
A115: PROVATO HEALTH CARE SOLUTIONS | J115: -30133
A116: PULSE DIGNOSTICS & SURGICALS | J116: -193525
A117: RAMAKRISHNA &CO | J117: -375335
A118: RELIANT DIAGNOSTICS PVT LTD | J118: -8996
... A134: TOPCARE SURGICALS | J134: -291928
A135: TRAVANCOORE TRENDS | H135: 86376
A136: TRUST PHARMACEUTICALS | J136: -58507
A137: TRY MORE SURGICALS | J137: -5670
A138: UNIQUE PHARMA | J138: -129764
A139: UNITED ENTERPRISES | J139: -182919
A140: UNIVERSAL ELECTRICALS AND SANITARYWARES | J140: -4037
A141: VANLEAGUE AUTOMATION | J141: -4425
A142: VEE AND VEE AGENCIES | J142: -557902
A143: WELCARE AIR SOLUTIONS | J143: -14300
A144: ZEUS MEDICARE | J144: -3990
A145: ZYRUS MEDI-SURG | J145: -1400
A146: OTHER CURRENT LIABILITIES | J146: -3503014.8
A147: CAUTION DEPOSIT | J147: -2779416
A148: GST PAYABLE | J148: -212363.17
A149: IP ADVANCE (ON-LINE) | H149: 211592.41
A150: KVM-DIALYSIS((ADVANCE) | J150: -707828
A151: RENT ADVANCE-(SIB) | J151: -15000
A152: ASSETS | H152: 1.1986326e+08
A153: FIXED ASSETS | H153: 72498973
A154: 40KW SOLAR POWER PROJECT | H154: 579976.95
A155: AIR CONDITIONER | H155: 352024.96
A156: AMBULANCE | H156: 1529322.5
A157: AMBULANCE KL32R8982 | H157: 4550
A158: AMBULANCE KL32F 4338 | H158: 100
A159: BIO-GAS PLANT | H159: 62615.27
A160: BUILDING | H160: 7332902.5
A161: CATH LAB MACHINERY | H161: 2684682.4
A162: COMPUTER | H162: 337681.33
A163: ELECTRIC FITTINGS | H163: 12484.77
... A215: ELECTRICITY AND OTHER DEPOSITS | H215: 1243527
A216: MINIMOL.S. | J216: -10000
A217: RENT RECEIVABLE | H217: 72000
A218: RENT SECURITY DEPOSIT | J218: -150000
A219: TAX COLLECTED AT SOURCE | H219: 26515
A220: TDS ON INTEREST AND OTHERS | H220: 126382
A221: TDS RECEIVABLE (CANTEEN) | H221: 78000
A222: TDS RECEIVABLE (ON-LINE) | H222: 3903315.9
A223: SUNDRY DEBTORS(OLD) | H223: 17999.96
A224: K V M CASUALTY | H224: 99510
A225: STAFF | J225: -81510
A226: V R PRASAD | J226: -0.04
A227: BANK BALANCES | H227: 26609355
A228: AXIS (N) 920020039370304 | H228: 547419.82
A229: CSB 0084020178421 [04-PF] | H229: 1910209.7
...

Sheet BS P&L
A1: K V M HOSPITAL, CHERTHALA 2024-25
A2: SCHEDULES FORMING PART OF THE BALANCE SHEET (31-3-2025)
A3: Particulars | B3: Dr. | C3: Cr. | D3: Dr. | E3: Cr.
A5: CAPITAL ACCOUNT
A7: DR. V V HARIDAS | C7: =-'TB '!J13 -> 250000 | D7: 0 | E7: 510000
A8: PADMARANI HARIDAS | C8: =-'TB '!J14 -> 90000 | D8: 0 | E8: 90000
A9: DR AISHWARIA HARIDAS | C9: =-'TB '!J15 -> 100000 | D9: 0 | E9: 100000
A10: DR. AVINASH HARIDAS | C10: =-'TB '!J16 -> 510000 | D10: 0 | E10: 250000
A11: TMMC | C11: =-'TB '!J17 -> 50000 | D11: 0 | E11: 50000
A13: TOTAL | C13: =SUM(C7:C12) -> 1000000 | D13: 0 | E13: =SUM(E7:E12) -> 1000000
A15: CURRENT ACCOUNT
A17: DR. V V HARIDAS | C17: =-'TB '!J21 -> 85575342 | D17: 0 | E17: 87074707
A18: TMMC | C18: =-'TB '!J19 -> 141960.34 | D18: =P18 -> 0 | E18: 433743.24
A19: PADMARANI HARIDAS | C19: =-'TB '!J22 -> 85279.41 | D19: 0 | E19: 621738.63
A20: DR. AVINASH HARIDAS | B20: =+'TB '!H20 -> 5071711.5 | D20: 2089575.9 | E20: =Q20 -> 0
A21: DR AISHWARIA HARIDAS | C21: =-'TB '!J18 -> 495386.69 | D21: 0 | E21: 933944.49
A23: TOTAL | B23: =SUM(B20:B22) -> 5071711.5 | C23: =SUM(C17:C22) -> 86297969 | D23: =SUM(D18:D22) -> 2089575.9 | E23: =SUM(E17:E22) -> 89064133
A24: BALANCE | C24: =C23-B23 -> 81226257 | E24: =E23-D23 -> 86974557
A26: BANK LOAN
A28: SIB 120.652.1317 | D28: 0 | E28: 945781
A30: BALANCE | D30: 0 | E30: =SUM(E28:E29) -> 945781
A32: SUNDRY CREDITORS
A34: A J ASSOCIATES | C34: =-'TB '!J27 -> 2181127
A35: A J PHAARMAA | C35: =-'TB '!J28 -> 4658
A36: AB MED SURGICALS | C36: =-'TB '!J29 -> 6369
A37: ACCURA BIOMEDICAL SOLUTIONS | C37: =-'TB '!J30 -> 31328
A38: ALIFE MEDICAL SYSTEM | C38: =-'TB '!J31 -> 2762
A39: ALLIANCE HEALTH CARE | C39: =-'TB '!J32 -> 26775
A40: ANS BIOMED | C40: =-'TB '!J33 -> 108016.14
A41: APEX MEDICAL SUPPLIERS | C41: =-'TB '!J34 -> 8408
A42: APOLLO SURGICALS | C42: =-'TB '!J35 -> 26753
A43: ARRACKAL GAS AGENCIES | C43: =-'TB '!J36 -> 759399.4
A44: B BRAUN MEDICAL INDIA PVT LTD | C44: =-'TB '!J37 -> 25
A45: B&C TEHCNOLOGIES | C45: =-'TB '!J38 -> 235500
... A92: LIFE LINE SURGICALS | C92: =-'TB '!J85 -> 158948
A93: LIFE N SAFE FIRE SYSTEMS | B93: =+'TB '!H86 -> 2159 | C93: =-'TB '!J86 -> 0
A94: LIGHT HUB | C94: =-'TB '!J87 -> 10337
A95: M V DRUG LINES | C95: =-'TB '!J88 -> 8663
A96: MATHA SURGICALS | C96: =-'TB '!J89 -> 367183
A97: MATHA SURGICALS ALPY | C97: =-'TB '!J90 -> 63101
A98: MEDCARE SURGICALS | C98: =-'TB '!J91 -> 23520
A99: MEDI ASSIST | C99: =-'TB '!J92 -> 14280
A100: MEDI -HOUSE | C100: =-'TB '!J93 -> 62241
A101: MEDIGENMEDCARE PVT LTD | C101: =-'TB '!J94 -> 94664
A102: MEDILAND SURGICAL DISTRIBUTORS | C102: =-'TB '!J95 -> 46387
A103: MEDINOVA HEALTHCARE | C103: =-'TB '!J96 -> 6037.5
A104: MEDSCIENCE DISTRIBUTORS | C104: =-'TB '!J97 -> 193630
A105: MICROTECK SYSTEMS & SOLUTIONS | C105: =-'TB '!J98 -> 708
... A112: ORLEM PHARMA PVT LTD | C112: =-'TB '!J105 -> 95236
A113: OZANAM BUILDERS | B113: =+'TB '!H106 -> 895000 | C113: =-'TB '!J106 -> 0
A114: PADINJATTEDATHU INDUSTRIES | C114: =-'TB '!J107 -> 18233
A115: PADMA PHARMACEUTICALS AND DISTRIBUTORS | C115: =-'TB '!J108 -> 8919
A116: PALAKKAD SURGICALS | C116: =-'TB '!J109 -> 56463
A117: PARAGON AGENCY | C117: =-'TB '!J110 -> 975419
A118: PHARMA PROMOTERS | C118: =-'TB '!J111 -> 136777
A119: PIXON LIFE | C119: =-'TB '!J112 -> 74006
A120: PRABHU & CO | C120: =-'TB '!J113 -> 118909
A121: PRABHUS DISTRIBUTORS | C121: =-'TB '!J114 -> 102561
A122: PROVATO HEALTH CARE SOLUTIONS | C122: =-'TB '!J115 -> 30133
A123: PULSE DIGNOSTICS & SURGICALS | C123: =-'TB '!J116 -> 193525
A124: RAMAKRISHNA &CO | C124: =-'TB '!J117 -> 375335
A125: RELIANT DIAGNOSTICS PVT LTD | C125: =-'TB '!J118 -> 8996
... A141: TOPCARE SURGICALS | C141: =-'TB '!J134 -> 291928
A142: TRAVANCOORE TRENDS | B142: =+'TB '!H135 -> 86376 | C142: =-'TB '!J135 -> 0
A143: TRUST PHARMACEUTICALS | C143: =-'TB '!J136 -> 58507
A144: TRY MORE SURGICALS | C144: =-'TB '!J137 -> 5670
A145: UNIQUE PHARMA | C145: =-'TB '!J138 -> 129764
A146: UNITED ENTERPRISES | C146: =-'TB '!J139 -> 182919
A147: UNIVERSAL ELECTRICALS AND SANITARYWARES | C147: =-'TB '!J140 -> 4037
A148: VANLEAGUE AUTOMATION | C148: =-'TB '!J141 -> 4425
A149: VEE AND VEE AGENCIES | C149: =-'TB '!J142 -> 557902
A150: WELCARE AIR SOLUTIONS | C150: =-'TB '!J143 -> 14300
A151: ZEUS MEDICARE | C151: =-'TB '!J144 -> 3990
A152: ZYRUS MEDI-SURG | C152: =-'TB '!J145 -> 1400
A155: TOTAL | C155: =SUM(C34:C154)-B142-B113-B93 -> 17685253
A158: OTHER LIABILITIES
A160: JOB SECURITY DEPOSIT | C160: =-'TB '!J147 -> 2779416 | D160: 0 | E160: 2665507
A161: RENT ADVANCE (SIB) | C161: =-'TB '!J151 -> 15000 | D161: 0 | E161: 15000
A162: OUTSTANDING EXPENSES | D162: 0 | E162: 413321
A163: GST PAYABLE | C163: =-'TB '!J148 -> 212363.17 | D163: 0 | E163: 235748
A164: DIALYSIS | C164: =-'TB '!J150-'TB '!H149 -> 496235.59
A168: TOTAL | C168: =SUM(C160:C165) -> 3503014.8 | D168: 0 | E168: =SUM(E160:E167) -> 3329576
A171: FIXED ASSETS
A172: LAND | B172: =+'TB '!H174 -> 2821138 | D172: 2821138 | E172: 0
A174: TOTAL | B174: =SUM(B172:B173) -> 2821138 | D174: 2821138 | E174: 0
A176: BUILDING
A177: BIO GAS PLANT | B177: =+'TB '!H159 -> 62615.27 | D177: 56354 | E177: 0
A178: BUILDING | B178: =+'TB '!H160 -> 7332902.5 | D178: 6599611 | E178: 0
A179: ROAD & COMPOUND WALL | B179: =+'TB '!H180 -> 850179.08 | D179: 765161 | E179: 0
A180: SEWAGE TREATMENT PLANT | B180: =+'TB '!H181 -> 72691.61 | D180: 65423 | E180: 0
A181: SHOPPING COMPLEX CLINIC | B181: =+'TB '!H182 -> 11887.36 | D181: 10698 | E181: 0
A183: TOTAL | B183: =SUM(B177:B182) -> 8330275.8 | D183: =SUM(D177:D182) -> 7497247 | E183: =SUM(E177:E182) -> 0
A185: PLANT & MACHINERY
A187: AIR CONDITIONER | B187: =+'TB '!H155 -> 352024.96 | D187: 299220 | E187: =SUM(E175:E186) -> 0
A188: ELECTRIC FITTINGS | B188: =+'TB '!H163 -> 12484.77 | D188: 10612.98 | E188: =SUM(E177:E187) -> 0
A189: MACHINERY & EQUIPMENTS | B189: =+'TB '!H177 -> 39366614 | D189: 30901273 | E189: =SUM(E179:E188) -> 0
A190: WHOLE BODY SCANNER | B190: =+'TB '!H184 -> 2758897.5 | D190: 2345063 | E190: =SUM(E183:E189) -> 0
A191: 40 KV SOLAR POWER PROJECT | B191: =+'TB '!H154 -> 579976.95 | D191: 492980 | E191: =SUM(E184:E190) -> 0
A192: FIRE FIGHTING SYSTEM | B192: =+'TB '!H164 -> 2351947.8 | D192: 1999156 | E192: 0
A193: OFFICE EQUIPMENTS | B193: =+'TB '!H179 -> 514089 | D193: 436976 | E193: 0
...

Sheet Depriciation
A3: KVM HOSPITAL, CHERTHALA –DEPRECIATION SCHEDULE
A4: SUB SCHEDULES FORMING PARTS OF PROFIT AND LOSS ACCOUNT 2025-26
A5: NATURE OF ASSIST | B5: WDV AS ON | C5: additions during the | E5: Sales/ | F5: Balance as on | G5: Dep. rate | H5: Depreciation | I5: Dep. Half | J5: Total Depn. | K5: WDV as on 31-03-2023
B6: 45748 | C6: year >180 days<180 | E6: tranr | F6: 45016 | H6: full
A7: LAND
A8: Land | B8: 2821138 | F8: =B8+C8+D8-E8 -> 2821138 | K8: 2821138
A9: Total | B9: 2821138 | F9: =B9+C9+D9-E9 -> 2821138 | K9: 2821138
F10: =B10+C10+D10-E10 -> 0
A11: BUILDING | F11: =B11+C11+D11-E11 -> 0
A12: Road works | B12: 765161.17 | F12: =B12+C12+D12-E12 -> 765161.17 | G12: 0.1 | H12: =(B12+C12)*G12 -> 76516.117 | I12: =D12*(G12/2) -> 0 | J12: =SUM(H12:I12) -> 76516.117 | K12: =F12-J12 -> 688645.05
A13: Building | B13: 6599612.2 | F13: =B13+C13+D13-E13 -> 6599612.2 | G13: 0.1 | H13: =(B13+C13)*G13 -> 659961.22 | I13: =D13*(G13/2) -> 0 | J13: =SUM(H13:I13) -> 659961.22 | K13: =F13-J13 -> 5939651
A14: Shopping complex clinic | B14: 10698.63 | F14: =B14+C14+D14-E14 -> 10698.63 | G14: 0.1 | H14: =(B14+C14)*G14 -> 1069.863 | I14: =D14*(G14/2) -> 0 | J14: =SUM(H14:I14) -> 1069.863 | K14: =F14-J14 -> 9628.767
A15: Sewage treatment Plant | B15: 65422.45 | F15: =B15+C15+D15-E15 -> 65422.45 | G15: 0.1 | H15: =(B15+C15)*G15 -> 6542.245 | I15: =D15*(G15/2) -> 0 | J15: =SUM(H15:I15) -> 6542.245 | K15: =F15-J15 -> 58880.205
A16: Biogas Plant | B16: 56353.74 | F16: =B16+C16+D16-E16 -> 56353.74 | G16: 0.1 | H16: =(B16+C16)*G16 -> 5635.374 | I16: =D16*(G16/2) -> 0 | J16: =SUM(H16:I16) -> 5635.374 | K16: =F16-J16 -> 50718.366
A17: Total | B17: =SUM(B12:B16) -> 7497248.2 | F17: =SUM(F12:F16) -> 7497248.2 | H17: =SUM(H12:H16) -> 749724.82 | I17: =SUM(I12:I16) -> 0 | J17: =SUM(J12:J16) -> 749724.82 | K17: =SUM(K12:K16) -> 6747523.4
A18: COMPUTER | F18: =B18+C18+D18-E18 -> 0 | H18: =(B18+C18)*G18 -> 0 | I18: =D18*(G18/2) -> 0 | J18: =SUM(H18:I18) -> 0
A19: Computer | B19: 135513.2 | C19: =79473+118000 -> 197473 | D19: =50976+60850 -> 111826 | F19: =B19+C19+D19-E19 -> 444812.2 | G19: 0.4 | H19: =(B19+C19)*G19 -> 133194.48 | I19: =D19*(G19/2) -> 22365.2 | J19: =SUM(H19:I19) -> 155559.68 | K19: =F19-J19 -> 289252.52
A20: Total | B20: =SUM(B19) -> 135513.2 | F20: =SUM(F18:F19) -> 444812.2 | H20: =SUM(H18:H19) -> 133194.48 | I20: =SUM(I18:I19) -> 22365.2 | J20: =SUM(J18:J19) -> 155559.68 | K20: =SUM(K19) -> 289252.52
F21: =B21+C21+D21-E21 -> 0 | H21: =(B21+C21)*G21 -> 0 | I21: =D21*(G21/2) -> 0 | J21: =SUM(H21:I21) -> 0
A22: FURNITURE & FITTINGS | F22: =B22+C22+D22-E22 -> 0 | H22: =(B22+C22)*G22 -> 0 | I22: =D22*(G22/2) -> 0 | J22: =SUM(H22:I22) -> 0
A23: furniture & fittings | B23: 865738.2 | E23: 0 | F23: =B23+C23+D23-E23 -> 865738.2 | G23: 0.1 | H23: =(B23+C23)*G23 -> 86573.82 | I23: =D23*(G23/2) -> 0 | J23: =SUM(H23:I23) -> 86573.82 | K23: =F23-J23 -> 779164.38
A24: Kone Lift | B24: 54010.77 | F24: =B24+C24+D24-E24 -> 54010.77 | G24: 0.1 | H24: =(B24+C24)*G24 -> 5401.077 | I24: =D24*(G24/2) -> 0 | J24: =SUM(H24:I24) -> 5401.077 | K24: =F24-J24 -> 48609.693
A25: Lift- Axiomata | B25: 431979.59 | F25: =B25+C25+D25-E25 -> 431979.59 | G25: 0.1 | H25: =(B25+C25)*G25 -> 43197.959 | I25: =D25*(G25/2) -> 0 | J25: =SUM(H25:I25) -> 43197.959 | K25: =F25-J25 -> 388781.63
A26: Lift- Infra Elevators | B26: 381364.2 | F26: =B26+C26+D26-E26 -> 381364.2 | G26: 0.1 | H26: =(B26+C26)*G26 -> 38136.42 | I26: =D26*(G26/2) -> 0 | J26: =SUM(H26:I26) -> 38136.42 | K26: =F26-J26 -> 343227.78
F27: =B27+C27+D27-E27 -> 0 | H27: =(B27+C27)*G27 -> 0 | I27: =D27*(G27/2) -> 0 | J27: =SUM(H27:I27) -> 0
A28: Total | B28: =SUM(B23:B27) -> 1733092.8 | F28: =SUM(F23:F27) -> 1733092.8 | H28: =SUM(H23:H27) -> 173309.28 | I28: =SUM(I23:I27) -> 0 | J28: =SUM(J23:J27) -> 173309.28 | K28: =SUM(K23:K27) -> 1559783.5
F29: =B29+C29+D29-E29 -> 0 | H29: =(B29+C29)*G29 -> 0 | I29: =D29*(G29/2) -> 0 | J29: =SUM(H29:I29) -> 0
A30: PLANT AND MACH. | F30: =B30+C30+D30-E30 -> 0 | H30: =(B30+C30)*G30 -> 0 | I30: =D30*(G30/2) -> 0 | J30: =SUM(H30:I30) -> 0
A31: Machinery & Equipments | B31: 30999012 | C31: =70560 -> 70560 | D31: =1500000+787500+69000 -> 2356500 | E31: 0 | F31: =B31+C31+D31-E31 -> 33426072 | G31: 0.15 | H31: =(B31+C31)*G31 -> 4660435.7 | I31: =D31*(G31/2) -> 176737.5 | J31: =SUM(H31:I31) -> 4837173.2 | K31: =F31-J31 -> 28588898
A32: C T. Scanner | B32: 2345062.9 | F32: =B32+C32+D32-E32 -> 2345062.9 | G32: 0.15 | H32: =(B32+C32)*G32 -> 351759.43 | I32: =D32*(G32/2) -> 0 | J32: =SUM(H32:I32) -> 351759.43 | K32: =F32-J32 -> 1993303.4
A33: Air Conditioner | B33: 299221.21 | F33: =B33+C33+D33-E33 -> 299221.21 | G33: 0.15 | H33: =(B33+C33)*G33 -> 44883.181 | I33: =D33*(G33/2) -> 0 | J33: =SUM(H33:I33) -> 44883.181 | K33: =F33-J33 -> 254338.03
A34: Electrical Fittings | B34: 10612.06 | E34: 0 | F34: =B34+C34+D34-E34 -> 10612.06 | G34: 0.15 | H34: =(B34+C34)*G34 -> 1591.809 | I34: =D34*(G34/2) -> 0 | J34: =SUM(H34:I34) -> 1591.809 | K34: =F34-J34 -> 9020.251
A35: Cathlab machine | B35: 2281980.1 | E35: 0 | F35: =B35+C35+D35-E35 -> 2281980.1 | G35: 0.15 | H35: =(B35+C35)*G35 -> 342297.01 | I35: =D35*(G35/2) -> 0 | J35: =SUM(H35:I35) -> 342297.01 | K35: =F35-J35 -> 1939683.1
A36: 40KV solar power pjt | B36: 492980.41 | F36: =B36+C36+D36-E36 -> 492980.41 | G36: 0.15 | H36: =(B36+C36)*G36 -> 73947.061 | I36: =D36*(G36/2) -> 0 | J36: =SUM(H36:I36) -> 73947.061 | K36: =F36-J36 -> 419033.35
A37: Fire fighting system | B37: 1999155.6 | F37: =B37+C37+D37-E37 -> 1999155.6 | G37: 0.15 | H37: =(B37+C37)*G37 -> 299873.34 | I37: =D37*(G37/2) -> 0 | J37: =SUM(H37:I37) -> 299873.34 | K37: =F37-J37 -> 1699282.3
A38: Office Equipments | B38: 436975.65 | F38: =B38+C38+D38-E38 -> 436975.65 | G38: 0.15 | H38: =(B38+C38)*G38 -> 65546.348 | I38: =D38*(G38/2) -> 0 | J38: =SUM(H38:I38) -> 65546.348 | K38: =F38-J38 -> 371429.3
A39: Incinerator and chimney | B39: 523812.5 | F39: =B39+C39+D39-E39 -> 523812.5 | G39: 0.15 | H39: =(B39+C39)*G39 -> 78571.875 | I39: =D39*(G39/2) -> 0 | J39: =SUM(H39:I39) -> 78571.875 | K39: =F39-J39 -> 445240.62
F40: =B40+C40+D40-E40 -> 0 | H40: =(B40+C40)*G40 -> 0 | I40: =D40*(G40/2) -> 0 | J40: =SUM(H40:I40) -> 0
A41: Total | B41: =SUM(B31:B40) -> 39388812 | F41: =SUM(F31:F39) -> 41815872 | H41: =SUM(H31:H40) -> 5918905.8 | I41: =SUM(I31:I39) -> 176737.5 | J41: =SUM(J31:J39) -> 6095643.3 | K41: =SUM(K31:K40) -> 35720229
F42: =B42+C42+D42-E42 -> 0 | H42: =(B42+C42)*G42 -> 0 | I42: =D42*(G42/2) -> 0 | J42: =SUM(H42:I42) -> 0
A43: VEHICLE | F43: =B43+C43+D43-E43 -> 0 | H43: =(B43+C43)*G43 -> 0 | I43: =D43*(G43/2) -> 0 | J43: =SUM(H43:I43) -> 0
A44: KL32H 4100 BMW | B44: 1035475.9 | F44: =B44+C44+D44-E44 -> 1035475.9 | G44: 0.15 | H44: =(B44+C44)*G44 -> 155321.39 | I44: =D44*(G44/2) -> 0 | J44: =SUM(H44:I44) -> 155321.39 | K44: =F44-J44 -> 880154.52
A45: Nexon car | B45: 784641.16 | F45: =B45+C45+D45-E45 -> 784641.16 | G45: 0.15 | H45: =(B45+C45)*G45 -> 117696.17 | I45: =D45*(G45/2) -> 0 | J45: =SUM(H45:I45) -> 117696.17 | K45: =F45-J45 -> 666944.99
A46: Ambulance | B46: 1299796.7 | E46: 0 | F46: =B46+C46+D46-E46 -> 1299796.7 | G46: 0.15 | H46: =(B46+C46)*G46 -> 194969.5 | I46: =D46*(G46/2) -> 0 | J46: =SUM(H46:I46) -> 194969.5 | K46: =F46-J46 -> 1104827.2
A47: Electric auto | B47: 144011.25 | F47: =B47+C47+D47-E47 -> 144011.25 | G47: 0.15 | H47: =(B47+C47)*G47 -> 21601.688 | I47: =D47*(G47/2) -> 0 | J47: =SUM(H47:I47) -> 21601.688 | K47: =F47-J47 -> 122409.56
A48: KL32T1000 Tata nexon | B48: 1181576.5 | F48: =B48+C48+D48-E48 -> 1181576.5 | G48: 0.15 | H48: =(B48+C48)*G48 -> 177236.48 | I48: =D48*(G48/2) -> 0 | J48: =SUM(H48:I48) -> 177236.48 | K48: =F48-J48 -> 1004340
A49: kl32v001 tata ev 2024 | B49: 1567782.5 | F49: =B49+C49+D49-E49 -> 1567782.5 | G49: 0.15 | H49: =(B49+C49)*G49 -> 235167.38 | I49: =D49*(G49/2) -> 0 | J49: =SUM(H49:I49) -> 235167.38 | K49: =F49-J49 -> 1332615.1
A50: KL32W001- TATA SAFARI | B50: 2450325 | F50: =B50+C50+D50-E50 -> 2450325 | G50: 0.15 | H50: =(B50+C50)*G50 -> 367548.75 | I50: =D50*(G50/2) -> 0 | J50: =SUM(H50:I50) -> 367548.75 | K50: =F50-J50 -> 2082776.2
A52: Total | B52: =SUM(B44:B51) -> 8463609 | E52: 0 | F52: =B52+C52+D52-E52 -> 8463609 | H52: =SUM(H44:H51) -> 1269541.3 | J52: =SUM(J42:J51) -> 1269541.3 | K52: =SUM(K44:K50) -> 7194067.6 | M52: 8463608
I53: =D53*(G53/2) -> 0 | J53: =SUM(H53:I53) -> 0
F54: =B54+C54+D54-E54 -> 0 | I54: =D54*(G54/2) -> 0 | J54: =SUM(H54:I54) -> 0
A55: Grand Total | B55: =SUM(B52,B41,B28,B20,B17,B9) -> 60039413 | E55: 0 | F55: =SUM(F52,F41,F28,F20,F17,F9) -> 62775772 | G55: =SUM(G52,G41,G28,G20,G17,G9) -> 0 | H55: =SUM(H52,H41,H28,H20,H17,H9) -> 8244675.7 | I55: =SUM(I52,I41,I28,I20,I17,I9) -> 199102.7 | J55: =SUM(J52,J41,J28,J20,J17,J9) -> 8443778.4 | K55: =SUM(K52,K41,K28,K20,K17,K9) -> 54331994
D57: =F55-B55 -> 2736359

Sheet entry 
A1: Adjustment Entry
A3: 46069 | C3: Advance for Machinary A/c | G3: 500000
D4: To Machinary & Equipment | H4: 500000
C6: Maqute oxigen ventilator advance given
A8: 46081 | C8: Advance for Machinary A/c | G8: =30700+620 -> 31320
D9: To Machinary & Equipment | H9: =30700+620 -> 31320
C11: Advance Payment for equipment
A13: 46108 | C13: Repair & Maintanace A/c | G13: 2363
D14: To Machinary & Equipment | H14: 2363
C16: Repair Iteam Purchased
A18: 46330 | C18: Lab Purchase A/c | G18: 22656
D19: To Machinary & Equipment | H19: 22656
C21: Purchase from JD Diagonist for Lab Purchase
A23: 45954 | C23: Advance for Machinary A/c | G23: 10000
D24: To Machinary & Equipment | H24: 10000
C25: Advance Payment for equipment
A27: 45850 | C27: Repair & Maintanace A/c | G27: 37701
D28: To Machinary & Equipment | H28: 37701
C29: Repair of ot table repair
A31: 45842 | C31: Repair & Maintanace A/c | G31: 2330
D32: To Machinary & Equipment | H32: 2330
C33: Repair of ot eqipment
A35: 45824 | C35: Repair & Maintanace A/c | G35: 85736
D36: To Machinary & Equipment | H36: 85736
C37: Repair of ot EEG Machine Board Change
A39: 45815 | C39: Repair & Maintanace A/c | G39: 7670
D40: To Machinary & Equipment | H40: 7670
C41: Baby mat resdesih
A43: 45785 | C43: Electrical & Maintanace A/c | G43: 59000
D44: To Machinary & Equipment | H44: 59000
C45: Electricllight board work
C47: Hospital Expense | G47: ='TB '!H157+'TB '!H158+'TB '!H183+150-0.1 -> 5799.9
D48: To Machinary & Quipment | H48: 5800

Sheet FD Correction 
A2: F.D CSB | E2: 360394
B3: To SIB 41341 | F3: 360394
